 Dungeon Crawl Stone Soup version 0.28.0 (webtiles) character file.

Game seed: 15205602348046543484

32 Prodoman the Magician (level 3, 0/26 HPs)
             Began as a Demonspawn Hedge Wizard on Feb 5, 2022.
             Slain by a hound (3 damage)
             ... on level 2 of the Dungeon.
             The game lasted 00:04:23 (1423 turns).

Prodoman the Magician (Demonspawn Hedge Wizard)     Turns: 1423, Time: 00:04:25

Health: 0/26       AC:  4    Str: 10    XL:     3   Next: 10%
Magic:  0/7        EV: 12    Int: 17    God:
Gold:   42         SH:  0    Dex: 12    Spells: 5/8 levels left

rFire   . . .      SeeInvis .   a - +0 dagger
rCold   . . .      Faith    .   (no shield)
rNeg    . . .      Spirit   .   b - +0 robe
rPois   .          Reflect  .   c - +0 hat
rElec   .          Harm     .   (no cloak)
rCorr   .          Rampage  .   (no gloves)
Will    .....                   (no boots)
Stlth   ++........              (no amulet)
HPRegen 0.08/turn               (no ring)
MPRegen 0.10/turn               (no ring)

@: very slightly contaminated
A: hooves 1, molten scales 1
a: no special abilities


You were on level 2 of the Dungeon.
You visited 1 branch of the dungeon, and saw 2 of its levels.

You collected 42 gold pieces.

Inventory:

Hand Weapons
 a - a +0 dagger (weapon)
Armour
 b - a +0 robe (worn)
 c - a +0 hat (worn)
Jewellery
 f - a ring of ice
Scrolls
 d - a scroll of identify {unknown}
 e - a scroll of enchant weapon {unknown}
 g - a scroll of teleportation {unknown}


   Skills:
 + Level 1.0 Fighting
 + Level 2.1 Dodging
 - Level 1.8 Stealth
 + Level 3.2 Spellcasting
 + Level 1.6 Conjurations
 + Level 1.1 Summonings
 - Level 0.9 Translocations
 + Level 0.1 Fire Magic


You had 5 spell levels left.
You knew the following spells:

 Your Spells              Type           Power      Damage    Failure   Level
a - Magic Dart            Conj           32%        1d4       9%          1
b - Scorch                Fire           6%         2d5       24%         2

Your spell library contained the following spells:

 Spells                   Type           Power      Damage    Failure   Level
 Call Imp                 Summ           6%         N/A       16%         2
 Slow                     Hex            8%         N/A       17%         1
 Blink                    Tloc           12%        N/A       17%         2
 Conjure Flame            Conj/Fire      5%         6-21      34%         3
 Mephitic Cloud           Conj/Pois/Air  4%         N/A       38%         3
 Tukima's Dance           Hex            2%         N/A       45%         3
 Flame Wave               Conj/Fire      5%         2d5       75%         4
 Passage of Golubria      Tloc           6%         N/A       75%         4
 Yara's Violent Unravell  Hex/Tmut       1%         3d3       99%         5
 Summon Cactus Giant      Summ           3%         N/A       100%        6


Dungeon Overview and Level Annotations

Branches:
Dungeon (2/15)

Altars:


Innate Abilities, Weirdness & Mutations

You have large cloven feet.
You are partially covered in molten scales. (AC +2)


Message History

Aim: a hound (lightly wounded, about 49% to evade your +0 dagger)
You hit the hound but do no damage. You kick the hound.
The hound is moderately wounded.
The hound bites you but does no damage. The hound bites you.
The hound completely misses you.
You hit the hound but do no damage. You kick the hound, but do no damage.
The hound is moderately wounded.
The hound closely misses you. The hound bites you.
Your magical contamination has completely faded away.
You hit the hound.
The hound is heavily wounded.
The hound bites you but does no damage.
You closely miss the hound. Your kick misses the hound.
The hound is heavily wounded.
The hound barely misses you. The hound bites you but does no damage.
You hit the hound but do no damage. Your kick misses the hound.
The hound is heavily wounded.
The hound bites you but does no damage.
You hit the hound but do no damage. Your kick misses the hound.
The hound is heavily wounded.
The hound bites you. x2
You hit the hound. You kick the hound.
The hound is severely wounded.
The hound bites you but does no damage.
You closely miss the hound.
The hound is severely wounded.
The hound bites you but does no damage. The hound bites you.
* * * LOW HITPOINT WARNING * * *
You closely miss the hound. Your kick misses the hound.
The hound is severely wounded.
The hound closely misses you.
Casting: Magic Dart (safe; 9% risk of failure)
Confirm with . or Enter, or press ? or * to list all spells.
Aiming: Magic Dart (safe; 9% risk of failure)
Press: ? - help, Shift-Dir - straight line, f/p - hound
Aim: a hound (severely wounded, 100% to hit)
You miscast Magic Dart.
You are very lightly contaminated with residual magic.
Nothing appears to happen.
The hound bites you.
You die...

. ## ###. .. ...
##.### #.. # ....#
#.# ##.##.#.# #.#
......#.###h####.#
#.##......@.....#
#.#....###.###..#
#......# #.#
###...## #.. ##.##
#### #.## ##
#..#### .#
##†P...# .#
##....PP#


You could see a hound.

Vanquished Creatures
  2 dart slugs (D:1)
  2 ball pythons (D:1)
  3 endoplasms (D:1)
  A giant cockroach (D:2)
  2 goblins (D:1)
  6 hobgoblins
  2 kobolds (D:1)
  6 frilled lizards
  A rat (D:1)
25 creatures vanquished.

Notes
Turn   | Place    | Note
-------+----------+-------------------------------------------
     0 | D:1      | Prodoman the Demonspawn Hedge Wizard began the quest for
                  | the Orb.
     0 | D:1      | Reached XP level 1. HP: 13/13 MP: 4/4
    42 | D:1      | Found a faded altar of an unknown god.
   174 | D:1      | Gained mutation: You are partially covered in molten
                  | scales. (AC +2) [demonic ancestry]
   174 | D:1      | Reached XP level 2. HP: 18/19 MP: 1/6
   720 | D:1      | Learned a level 2 spell: Scorch
  1232 | D:2      | Reached skill level 1 in Fighting
  1232 | D:2      | Gained mutation: You have large cloven feet. [demonic
                  | ancestry]
  1232 | D:2      | Reached XP level 3. HP: 26/26 MP: 5/7
  1423 | D:2      | Slain by a hound

Illustrated notes

Levels and vault maps discovered:
D:1:      dpeg_arrival_pits, layout_basic,
          shapermc_ecumenical_altar_totnotflames, minmay_misc_feat_roman
D:2:      layout_loops_corners, serial_undead, serial_undead_a, serial_undead_b,
          serial_undead_b, serial_undead_a

Skill      XL: |  1  2 |
---------------+-------+-----
Dodging        | 2 |  2.1
Fighting       | 1 |  1.0
Stealth        | |  1.8
Spellcasting   | |  3.2
Conjurations   | |  1.6
Summonings     | |  1.1
Translocations | |  0.9
Fire Magic     | |  0.1

Action                   || total
-------------------------++-------
Melee: Dagger            ||    73
       Punch             ||     1
       Kick              ||     3
 Cast: Magic Dart        ||    62
 Stab: Sleeping          ||     1
Armor: Robe              ||    22
Dodge: Dodged            ||    51
